 Dungeon Crawl Stone Soup version 0.32-a0-675-gdc239d62e1 (webtiles) character file.

Game seed: 2935748371074523119

127 javelincjr the Grasshopper (level 4, -5/34 HPs)
             Began as a Demonspawn Warper on Mar 11, 2024.
             Was an Initiate of Beogh.
             Succumbed to a kobold brigand's curare-tipped dart
             ... in a sewer.
             The game lasted 00:08:15 (2371 turns).

javelincjr the Grasshopper (Demonspawn Warper)      Turns: 2371, Time: 00:08:16

Health: -5/34      AC:  3    Str: 13    XL:     4   Next: 85%
Magic:  16/16      EV: 12    Int: 14    God:    Beogh [......]
Gold:   182        SH:  0    Dex: 12    Spells: 4/8 levels left

rFire   + . .        a - +0 spear (venom)
rCold   + . .        (no shield)
rNeg    . . .        b - +0 leather armour
rPois   .            o - +0 hat
rElec   .            e - scarf {rC+ rF+}
rCorr   .            (no gloves)
SInv    .            (no boots)
Will    .....        (no amulet)
Stlth   +            m - ring of magical power
HPRegen 0.25/turn    (no ring)
MPRegen 0.30/turn

%: no passive effects
@: lethally poisoned (-5 -> -23), very slow
A: magic regeneration, demonic touch 1
a: Renounce Religion


You were in a sewer.
You worshipped Beogh.
Beogh was noncommittal.
You visited 1 branch of the dungeon, and saw 3 of its levels.
You also visited: Sewer.

You collected 182 gold pieces.

Inventory:

Hand Weapons
 a - a +0 spear of venom (weapon)
Missiles
 d - 6 darts of dispersal
 f - 4 javelins
 n - 6 poisoned darts (quivered)
Armour
 b - a +0 leather armour (worn)
 e - a scarf of resistance (worn)
 o - a +0 hat (worn)
Jewellery
 m - a ring of magical power (left hand)
Wands
 k - a wand of polymorph (2)
Scrolls
 c - a scroll of blinking
 g - 3 scrolls of immolation {unknown}
Potions
 i - a potion of cancellation
 j - a potion of attraction {unknown}


   Skills:
 + Level 2.9 Fighting
 + Level 2.4 Polearms
 + Level 1.6 Throwing
 + Level 1.5 Armour
 + Level 2.2 Dodging
 + Level 2.5 Spellcasting
 + Level 3.0 Translocations


You had 4 spell levels left.
You knew the following spells:

 Your Spells              Type           Power      Damage    Failure   Level
a - Blink                 Tloc           20%        N/A       12%         2
b - Lesser Beckoning      Tloc           20%        N/A       12%         2

Your spell library contained the following spells:

 Spells                   Type           Power      Damage    Failure   Level
 Teleport Other           Tloc           10%        N/A       24%         3
 Slow                     Hex            4%         N/A       28%         1
 Manifold Assault         Tloc           10%        N/A       63%         4
 Confusing Touch          Hex            1%         N/A       65%         3
 Sigil of Binding         Hex            1%         N/A       65%         3
 Vampiric Draining        Necr           1%         2d6       65%         3
 Vhi's Electric Charge    Tloc/Air       12%        N/A       83%         4


Dungeon Overview and Level Annotations

Branches:
Dungeon (3/15)              Sewer (1/1)

Altars:

Shops:
D:3 [


Innate Abilities, Weirdness & Mutations

You regenerate magic rapidly.
Your touch may inflict minor irresistible damage on your foes.


Message History

The kobold brigand is lightly wounded.
The kobold brigand throws a poisoned dart.
The poisoned dart misses you.
The kobold throws a poisoned dart.
The poisoned dart closely misses you.
The kobold brigand throws a poisoned dart.
The poisoned dart hits you!
You are poisoned.
You hit the kobold brigand.
The kobold brigand looks as sick as possible!
The kobold brigand is moderately wounded.
You feel yourself speed up.
You feel ready to blink again.
You feel very sick.
The kobold throws a poisoned dart.
The poisoned dart closely misses you.
The kobold brigand throws a curare-tipped dart.
The curare-tipped dart barely misses you.
The kobold brigand closely misses you.
Reach: a) +0 spear (venom)
Press: ? - help, Dir - move target, f/p - kobold brigand
Aim: a kobold brigand, wielding a +0 club and quivering poisoned darts (heavily wounded, extremely poisoned, about 45% to evade your +0 spear of venom)
Your unstable footing causes you to fumble your attack.
You feel sick.
The kobold throws a poisoned dart.
The poisoned dart hits you!
You are more poisoned.
The kobold brigand throws a curare-tipped dart.
The curare-tipped dart closely misses you.
The giant cockroach splashes around in the water.
The kobold brigand splashes around in the water.
Your unstable footing causes you to fumble your attack.
You feel sick.
The kobold brigand throws a curare-tipped dart.
The curare-tipped dart hits you.
You are lethally poisoned!
You have difficulty breathing.
* * * LOW HITPOINT WARNING * * *
You feel yourself slow down. The giant cockroach barely misses you.
The kobold brigand barely misses you.
It was a potion of cancellation.
Your magical effects are unravelling.
You feel magically purged.
You feel yourself speed up.
You die...

#~≈~#!∩.!#
#~≈~#..).#
#~≈~#....#
#~~~##''##
#~≈~#....#
#~≈~#~...###
#~≈K~~~....#
#~≈K~~P...##
#@≈~#~~...#
#BKK#~~..P.#
#~≈~#......#
.B..~~~~≈~#......#
.P..~~~~≈~#......#
.....~~~≈~#......#
.....~#~≈~#
....~~#~~~#
....~~#~≈~#


You could see 2 kobold brigands, a giant cockroach and 2 kobolds.

Vanquished Creatures
  5 adders
  A river rat (D:3)
  2 dart slugs (D:1)
  7 orcs (D:3)
  3 ball pythons (D:1)
  10 bats
  3 endoplasms
  5 goblins
  7 hobgoblins
  6 jackals
  4 kobolds
  2 quokkas (D:2)
  2 frilled lizards
  7 rats
64 creatures vanquished.

Notes
Turn   | Place    | Note
-------+----------+-------------------------------------------
     0 | D:1      | javelincjr the Demonspawn Warper began the quest for the
                  | Orb.
     0 | D:1      | Reached XP level 1. HP: 16/16 MP: 3/3
   262 | D:1      | Reached skill level 1 in Throwing
   262 | D:1      | Reached skill level 1 in Armour
   325 | D:1      | Gained mutation: Your touch may inflict minor irresistible
                  | damage on your foes. [demonic ancestry]
   325 | D:1      | Reached XP level 2. HP: 22/22 MP: 5/5
   965 | D:2      | Reached XP level 3. HP: 22/27 MP: 6/6
  1661 | D:2      | Gained mutation: You regenerate magic rapidly. [demonic
                  | ancestry]
  1661 | D:2      | Reached XP level 4. HP: 32/34 MP: 7/7
  1678 | D:2      | Learned a level 2 spell: Blink
  1681 | D:2      | Learned a level 2 spell: Lesser Beckoning
  1909 | D:3      | Found Ula Unes's Antique Armour Boutique.
  1917 | D:3      | Reached skill level 3 in Translocations
  2240 | D:3      | Became a worshipper of Beogh the Shepherd
  2323 | D:3      | Found a glowing drain.
  2338 | Sewer    | Entered a sewer
  2358 | Sewer    | Noticed a kobold brigand
  2358 | Sewer    | Noticed a kobold brigand
  2370 | Sewer    | HP: 1/34 [asphyx]
  2371 | Sewer    | Succumbed to a kobold brigand's curare-tipped dart

Illustrated notes

Levels and vault maps discovered:
D:1:      heliophobic_arrival_battle_scene, layout_loops_corners
D:2:      layout_basic, minmay_fractal_squares_5
D:3:      layout_loops_ring, portal_sewer_entry_b, serial_shops, shop
Sewer:    kennysheep_pipe_town

Skill      XL: |  1  2  3  4 |
---------------+-------------+-----
Throwing       | 1 |  1.6
Armour         | 1 |  1.5
Polearms       | 2 |  2.4
Dodging        | 2 |  2.2
Translocations | 3 |  3.0
Fighting       | |  2.9
Spellcasting   | |  2.5

Action                     |  1- 3 |  4- 6 || total
---------------------------+-------+-------++-------
  Melee: Spear             |   139 |    78 ||   217
         Touch             |     9 |     6 ||    15
  Throw: Dart              |     1 |       ||     1
   Cast: Blink             |       |     1 ||     1
 Invoke: Convert to Beogh  |       |     1 ||     1
    Use: Potion            |     1 |     1 ||     2
         Scroll            |       |     3 ||     3
   Stab: Sleeping          |       |     1 ||     1
 Armour: Leather armour    |    72 |    44 ||   116
  Dodge: Dodged            |    89 |    40 ||   129

Table legend: (Time is in decaauts)
 A = Elapsed time spent in this place.
 B = Non-inter-level travel time spent in this place.
 C = Inter-level travel time spent in this place.
 D = Time resting spent in this place.
 E = Time spent auto-exploring this place.
 F = Levels seen in this place.
 G = Mean time per level.
                   A        B        C        D        E       F      G
               +--------+--------+--------+--------+--------+-----+--------+
         Total |   2385 |   2334 |     51 |      0 |   1688 |   4 |  596.2 |
       Dungeon |   2337 |   2286 |     51 |      0 |   1667 |   3 |  779.0 |
         Sewer |     47 |     47 |      0 |      0 |     21 |   1 |   47.0 |
               +--------+--------+--------+--------+--------+-----+--------+

Top non-repeatable levels by time:
     D:2: 1068 daAuts
     D:1: 840 daAuts
     D:3: 429 daAuts
   Sewer: 47 daAuts
